 Dungeon Crawl Stone Soup version 0.23.2-1-ga50397a (webtiles) character file.

Game seed: 15780542722935782049

35 schauveau the Shooter (level 3, 0/28 HPs)
             Began as a Centaur Arcane Marksman on May 1, 2019.
             Slain by an ogre
             ... wielding a +0 giant spiked club
              (24 damage)
             ... on level 2 of the Dungeon.
             The game lasted 00:03:23 (1655 turns).

schauveau the Shooter (Centaur Arcane Marksman)     Turns: 1655, Time: 00:03:24

Health: 0/28       AC:  4    Str: 12    XL:     3   Next: 16%
Magic:  4/4        EV:  9    Int: 12    God:
Gold:   77         SH:  0    Dex: 10    Spells: 3/4 levels left

rFire    . . .     SeeInvis .   b - +0 short sword
rCold    . . .     Gourm    .   (no shield)
rNeg     . . .     Faith    .   k - +0 leather armour (curse)
rPois    .         Spirit   .   l - +0 hat
rElec    .         Reflect  .   (no cloak)
rCorr    .         Harm     .   (no gloves)
MR       .....                  (no barding)
Stlth    ..........             (no amulet)
HPRegen  0.09/turn              (no ring)
MPRegen  0.09/turn              (no ring)

@: very quick
A: large, hooves 3, deformed body, speed 2, tough skin 3
a: no special abilities


You were on level 2 of the Dungeon.
You were not hungry.

You visited 1 branch of the dungeon, and saw 3 of its levels.

You collected 77 gold pieces.

Inventory:

Hand Weapons
 a - a +0 shortbow
 b - a +0 short sword (weapon)
 i - a +0 hunting sling
 s - a +0 club
Missiles
 c - 56 stones (quivered)
 d - 14 arrows
Armour
 e - a +0 robe
 k - a cursed +0 leather armour (worn)
 l - a +0 hat (worn)
Jewellery
 u - an uncursed ring of magical power {unknown}
Scrolls
 h - 3 scrolls of identify {unknown}
 m - a scroll of enchant weapon {unknown}
 o - a scroll of immolation {unknown}
 p - a scroll of fog {unknown}
 q - 3 scrolls of remove curse {unknown}
Potions
 g - a potion of lignification {unknown}
 j - 2 potions of mutation {unknown}
 r - a potion of magic {unknown}
 t - a potion of agility {unknown}
Comestibles
 f - 5 rations
 n - 2 chunks of flesh


   Skills:
 - Level 1.0 Fighting
 * Level 4.9 Bows
 - Level 1.3 Dodging
 - Level 1.0 Spellcasting
 - Level 2.6 Hexes


You had 3 spell levels left.
You knew the following spells:

 Your Spells              Type           Power        Failure   Level  Hunger
a - Corona                Hex            #......      13%         1    ##.....

Your spell library contained the following spells:

 Spells                   Type           Power        Failure   Level  Hunger
 Confusing Touch          Hex            #.....       13%         1    ##.....
 Slow                     Hex            #.......     19%         2    ###....
 Summon Small Mammal      Summ           #...         36%         1    ##.....
 Confuse                  Hex            #.......     36%         3    ####...
 Call Imp                 Summ           #.......     50%         2    ###....
 Inner Flame              Hex/Fire       #.......     54%         3    ####...
 Portal Projectile        Hex/Tloc       #.....       54%         3    ####...
 Summon Guardian Golem    Hex/Summ       #.......     54%         3    ####...
 Call Canine Familiar     Summ           #.......     75%         3    ####...
 Gell's Gravitas          Tloc           #.........   75%         3    ####...
 Cause Fear               Hex            #.........   77%         4    #####..
 Leda's Liquefaction      Hex/Erth       #.........   91%         4    #####..
 Petrify                  Tmut/Erth      #.......     98%         4    #####..
 Summon Ice Beast         Ice/Summ       #.......     98%         4    #####..
 Summon Lightning Spire   Summ/Air       #.......     98%         4    #####..
 Metabolic Englaciation   Hex/Ice        #.........   99%         5    ######.
 Yara's Violent Unravell  Hex/Tmut       #.........   99%         5    ######.


Dungeon Overview and Level Annotations

Branches:
Dungeon (3/15)

Altars:

Annotations:
D:3 Sigmund


Innate Abilities, Weirdness & Mutations

You have hooves in place of feet.
Armour fits poorly on your strangely shaped body.
You cover ground very quickly.
You have extremely tough skin. (AC +3)


Message History

Okay, then.
Found a pair of gloves.
Saving game... please wait.
Welcome back, schauveau the Centaur Arcane Marksman.
Press ? for a list of commands and other information.
q - 3 scrolls labeled JEERUA NISE (gained 1)
A hobgoblin comes into view. It is wielding a +0 club.
The hobgoblin shouts!
You hear a shout!
You hear an angry hiss.
You hear a bark!
Found 8 gold pieces.
Sigmund the Dreaded comes into view.
He is wielding a +0 scythe.
An adder comes into view.
An adder comes into view.
The adder hisses angrily.
You see here a flail.
There is a stone staircase leading up here.
You climb upwards.
The ogre hits you with a +0 giant spiked club!!
Ouch! That really hurt!
You die...

....##...................#
.##....w..>...........####
......................#
...(......<...........#
..#..................<#
...###..>..รท..........#
##. #.[.............##
#..##...........J...#
...............@O...#
##..#.........w....##
##...........##.....#
###......#..####...#
............. #####
.....<..........
................
...............
...............


You could see an ogre, a worm and an ooze.

Vanquished Creatures
  3 leopard geckos
  4 bats
  2 giant cockroaches (D:1)
  A goblin (D:1)
  5 hobgoblins
  3 jackals (D:1)
  4 frilled lizards
  5 kobolds
  3 rats
30 creatures vanquished.

Notes
Turn   | Place    | Note
-------+----------+-------------------------------------------
     0 | D:1      | schauveau the Centaur Arcane Marksman began the quest for
                  | the Orb.
     0 | D:1      | Reached XP level 1. HP: 16/16 MP: 2/2
    70 | D:1      | Reached skill level 3 in Bows
   132 | D:1      | Reached XP level 2. HP: 6/23 MP: 3/3
   476 | D:1      | Reached skill level 4 in Bows
   970 | D:2      | Noticed an ogre
  1421 | D:1      | Reached XP level 3. HP: 28/28 MP: 4/4
  1640 | D:3      | Noticed Sigmund
  1655 | D:2      | Slain by an ogre

Skill      XL: |  1  2 |
---------------+-------+-----
Bows           | 3 4 |  4.9
Fighting       | |  1.0
Dodging        | |  1.3
Spellcasting   | |  1.0
Hexes          | |  2.6

Action                   || total
-------------------------++-------
Melee: Unarmed           ||    12
       Club              ||    57
       Kick              ||    16
       Short sword       ||    19
 Fire: Shortbow          ||    12
  Eat: Chunk             ||     2
Armor: Robe              ||    34
       Leather armour    ||    13
Dodge: Dodged            ||    62
